 Dungeon Crawl Stone Soup version 0.29.0-4-gdea44cf6ec (webtiles) character file.

Game seed: 18232580904336915052

205 qw the Ruffian (level 5, -4/42 HPs)
             Began as a Ghoul Fire Elementalist on Aug 29, 2022.
             Slain by Menkaure (10 damage)
             ... on level 4 of the Dungeon.
             The game lasted 00:03:02 (4447 turns).

qw the Ruffian (Ghoul Fire Elementalist)            Turns: 4447, Time: 00:03:02

Health: -4/42      AC: 14    Str: 14    XL:     5   Next: 83%
Magic:  6/6        EV:  3    Int: 10    God:
Gold:   1003       SH:  5    Dex:  9    Spells: 6/7 levels left

rFire   . . .      SeeInvis .     - Unarmed
rCold   + . .      Faith    .   (no shield)
rNeg    + + +      Spirit   .   m - +0 plate armour
rPois   inf        Reflect  +   (no helmet)
rElec   +          Harm     .   n - +2 cloak of Wycitis {rElec rN+}
rCorr   .          Rampage  .   (no gloves)
Will    .....                   g - +0 pair of boots
Stlth   ..........              d - amulet of reflection
HPRegen 0.00/turn               (no ring)
MPRegen 0.10/turn               (no ring)

@: inhibited regen
A: claws 1, cold resistance 1, negative energy resistance 3, inhibited
regeneration, torment resistance 2, devour on kill
a: no special abilities


You were on level 4 of the Dungeon.
You visited 1 branch of the dungeon, and saw 4 of its levels.

You collected 1003 gold pieces.


Innate Abilities, Weirdness & Mutations

You are immune to poison.
You have sharp fingernails.
Your flesh is cold resistant. (rC+)
You are immune to negative energy. (rN+++)
You do not regenerate when monsters are visible.
You are immune to unholy pain and torment.
You thrive by killing the living.


   Skills:
 - Level 2.5 Fighting
 + Level 0.0 Armour
 - Level 1.7 Dodging
 - Level 2.1 Stealth
 - Level 5.1 Unarmed Combat
 - Level 1.7 Spellcasting
 - Level 0.7 Conjurations
 - Level 2.4 Fire Magic


You had 6 spell levels left.
You knew the following spells:

 Your Spells              Type           Power      Damage    Failure   Level
a - Foxfire               Conj/Fire      16%        2x1d4     100%        1

Your spell library contained the following spells:

 Spells                   Type           Power      Damage    Failure   Level
 Scorch                   Fire           10%        2d5       100%        2
 Conjure Flame            Conj/Fire      4%         6-21      100%        3
 Inner Flame              Hex/Fire       3%         N/A       100%        3
 Flame Wave               Conj/Fire      4%         2d5       100%        4

Inventory:

Armour
 g - a +0 pair of boots (worn)
 m - a +0 plate armour (worn)
 n - the +2 cloak of Wycitis (worn) {rElec rN+}
   (You found it on level 3 of the Dungeon)

   rElec:     It insulates you from electricity.
   rN:        It protects you from negative energy.
Jewellery
 d - an amulet of reflection (around neck)
Scrolls
 b - a scroll of identify
 e - a scroll of blinking {unknown}
Potions
 a - a potion of mutation {unknown}
 c - a potion of ambrosia {unknown}
 h - a potion of might
 i - a potion of flight {unknown}
 j - a potion of resistance {unknown}

Dungeon Overview and Level Annotations

Branches:
Dungeon (4/15)
 Temple: D:4-7

Altars:
Vehumet

Annotations:
D:3 3 runed translucent doors, qw's ghost, amateur TeWr
D:4 Dowan; Duvessa; Menkaure


Message History

You closely miss Menkaure.
Menkaure is moderately damaged.
Menkaure hits you!
You scratch Menkaure but do no damage.
Menkaure is moderately damaged.
Dowan, Brother of Duvessa comes into view.
He is wielding a +0 dagger.
Menkaure hits you!
Dowan shouts!
You scratch Menkaure.
Menkaure is moderately damaged.
You hear a shout!
The orc hits you with a +1 flail of venom.
Dowan casts a spell at Duvessa.
Duvessa seems to speed up.
Menkaure hits you.
You barely miss Menkaure.
Menkaure is moderately damaged.
Duvessa hits you with a +0 short sword! The orc hits you but does no damage.
Menkaure hits you but does no damage.
You scratch Menkaure but do no damage.
Menkaure is moderately damaged.
You block Duvessa's attack.
Menkaure's bandages flutter.
Menkaure hits you but does no damage. The orc hits you but does no damage.
Duvessa hits you but does no damage.
You scratch Menkaure.
Menkaure is heavily damaged.
Menkaure hits you. Duvessa hits you but does no damage.
The orc hits you but does no damage.
You barely miss Menkaure.
Menkaure is heavily damaged.
Duvessa hits you but does no damage. Menkaure hits you but does no damage.
The orc hits you but does no damage.
You scratch Menkaure.
Menkaure is heavily damaged.
Duvessa hits you with a +0 short sword. Menkaure hits you but does no damage.
Duvessa hits you but does no damage. You block the orc's attack.
You scratch Menkaure.
Menkaure is heavily damaged.
Menkaure hits you!
You die...

#.......<...#.#.#
#.......###.# ..
#.......# #.. .#
#.....(.# ### .
###.#####
#...#### ###....#
#########.#
.....go@ee#
......M....#
...............
..........##....
..........# .8..
########### ...
#.


You could see Duvessa (fast), Menkaure (fast), Dowan, an orc and a hobgoblin.

Vanquished Creatures
  Ijyb (D:3)
  An iguana (D:3)
  An orc wizard (D:3)
  3 gnolls (D:3)
  4 adders
  A worm (D:2)
  6 orcs (D:3)
  6 bats
  4 endoplasms
  4 giant cockroaches
  5 goblins
  3 hobgoblins
  A quokka (D:1)
  5 ball pythons
  2 frilled lizards
  6 kobolds
  8 rats
61 creatures vanquished.

Vanquished Creatures (others)
  2 fungi (D:3)
  2 plants (D:3)
4 creatures vanquished.

Grand Total: 65 creatures vanquished

Notes
Turn   | Place    | Note
-------+----------+-------------------------------------------
     0 | D:1      | qw the Ghoul Fire Elementalist began the quest for the Orb.
     0 | D:1      | Reached XP level 1. HP: 14/14 MP: 2/2
     0 | D:1      | 0 ||| qw: Version: 0.1-a-90-g952f4b7
     0 | D:1      | 0 ||| qw: Game counter: 4221
     0 | D:1      | 0 ||| qw: Always use a shield: true
     0 | D:1      | 0 ||| qw: God list: Okawaru
     0 | D:1      | 0 ||| qw: Allow faded altars: false
     0 | D:1      | 0 ||| qw: Do Orc after D:15 true
     0 | D:1      | 0 ||| qw: Do second Lair branch before Depths: true
     0 | D:1      | 0 ||| qw: Lair rune preference: random
     0 | D:1      | 0 ||| qw: Plans: Normal
     0 | D:1      | 0 ||| PLANNING D:1-11
   250 | D:1      | Reached skill level 1 in Unarmed Combat
   471 | D:1      | You fall into a shaft and drop 1 floor!
   505 | D:2      | HP: 3/14 [worm (4)]
   512 | D:2      | Reached skill level 1 in Fighting
   512 | D:2      | Reached XP level 2. HP: 6/23 MP: 3/3
   807 | D:2      | 807 ||| Stepping ~*~*~tactically~*~*~ (stealth).
   816 | D:2      | 816 ||| Stepping ~*~*~tactically~*~*~ (outnumbered).
   817 | D:2      | 817 ||| Stepping ~*~*~tactically~*~*~ (outnumbered).
   818 | D:2      | 818 ||| Stepping ~*~*~tactically~*~*~ (outnumbered).
   822 | D:2      | HP: 4/23 [kobold/+0 short sword (2)]
   939 | D:2      | 939 ||| Stepping ~*~*~tactically~*~*~ (stealth).
  1444 | D:2      | 1444 ||| UPGRADING to +0 ring mail.
  1454 | D:2      | 1454 ||| DROPPING +0 robe.
  1455 | D:2      | 1455 ||| UPGRADING to +0 pair of boots.
  1479 | D:2      | Reached skill level 2 in Unarmed Combat
  1479 | D:2      | Reached XP level 3. HP: 18/28 MP: 4/4
  1581 | D:2      | 1581 ||| READING scroll labelled JOMUSORUHO.
  1582 | D:2      | 1582 ||| READING scroll labelled BOBLIZ TALIC.
  1583 | D:2      | 1583 ||| READING 3 scrolls labelled ZEIHEFYNIM.
  1584 | D:2      | 1584 ||| DROPPING potion of magic.
  1585 | D:2      | 1585 ||| DROPPING 2 scrolls of magic mapping.
  1773 | D:1      | 1773 ||| Stepping ~*~*~tactically~*~*~ (stealth).
  1777 | D:1      | 1777 ||| Stepping ~*~*~tactically~*~*~ (stealth).
  1783 | D:1      | 1783 ||| Stepping ~*~*~tactically~*~*~ (stealth).
  1784 | D:1      | 1784 ||| Stepping ~*~*~tactically~*~*~ (stealth).
  1890 | D:1      | 1890 ||| Stepping ~*~*~tactically~*~*~ (stealth).
  1930 | D:1      | Reached skill level 3 in Unarmed Combat
  2659 | D:1      | 2659 ||| UPGRADING to amulet of reflection.
  2664 | D:1      | 2664 ||| READING scroll labelled VOYVVI VULISS.
  2665 | D:1      | 2665 ||| READING scroll labelled RIT QACOURGH.
  2666 | D:1      | 2666 ||| READING scroll labelled ESCHIE FOECKA.
  2666 | D:1      | Identified a scroll of acquirement
  2666 | D:1      | 2666 ||| ACQUIRING 844 gold pieces
  2666 | D:1      | Acquired 844 gold pieces
  2750 | D:2      | Found a faded altar of an unknown god.
  2809 | D:2      | 2809 ||| Stepping ~*~*~tactically~*~*~ (stealth).
  2912 | D:2      | 2912 ||| DRINKING 2 amethyst potions.
  2913 | D:2      | 2913 ||| DROPPING potion of brilliance.
  2945 | D:3      | Reached XP level 4. HP: 35/35 MP: 5/5
  2951 | D:3      | 2951 ||| Stepping ~*~*~tactically~*~*~ (stealth).
  2956 | D:3      | 2956 ||| Stepping ~*~*~tactically~*~*~ (outnumbered).
  2964 | D:3      | 2964 ||| Stepping ~*~*~tactically~*~*~ (outnumbered).
  2965 | D:3      | 2965 ||| Stepping ~*~*~tactically~*~*~ (outnumbered).
  2965 | D:3      | Found a radiant altar of Vehumet.
  2968 | D:3      | 2968 ||| Stepping ~*~*~tactically~*~*~ (outnumbered).
  2976 | D:3      | 2976 ||| Stepping ~*~*~tactically~*~*~ (outnumbered).
  2977 | D:3      | 2977 ||| Stepping ~*~*~tactically~*~*~ (outnumbered).
  2978 | D:3      | 2978 ||| Stepping ~*~*~tactically~*~*~ (stealth).
  2982 | D:3      | 2982 ||| FLEEEEING.
  2991 | D:3      | 2991 ||| STAIRDANCE
  3078 | D:2      | 3078 ||| DRINKING 2 grey potions.
  3083 | D:3      | Reached skill level 4 in Unarmed Combat
  3089 | D:3      | 3089 ||| Stepping ~*~*~tactically~*~*~ (stealth).
  3170 | D:3      | Found a runed translucent gate.
  3170 | D:3      | Found a runed translucent gate.
  3170 | D:3      | Found a runed translucent gate.
  3173 | D:3      | Noticed qw's ghost (amateur TeWr)
  3173 | D:3      | Noticed a kobold brigand
  3285 | D:3      | Reached XP level 5. HP: 16/42 MP: 6/6
  3627 | D:3      | 3627 ||| Stepping ~*~*~tactically~*~*~ (hiding).
  3628 | D:3      | 3628 ||| Stepping ~*~*~tactically~*~*~ (hiding).
  3630 | D:3      | 3630 ||| Stepping ~*~*~tactically~*~*~ (stealth).
  3632 | D:3      | 3632 ||| Stepping ~*~*~tactically~*~*~ (stealth).
  3710 | D:3      | Noticed Ijyb
  3732 | D:3      | HP: 9/42 [Ijyb/+0 club (2)]
  3733 | D:3      | 3733 ||| DRINKING potion of heal wounds.
  3734 | D:3      | Killed Ijyb
  3735 | D:3      | Reached skill level 5 in Unarmed Combat
  3797 | D:3      | 3797 ||| Stepping ~*~*~tactically~*~*~ (stealth).
  3802 | D:3      | 3802 ||| Stepping ~*~*~tactically~*~*~ (stealth).
  3806 | D:3      | 3806 ||| Stepping ~*~*~tactically~*~*~ (stealth).
  4029 | D:3      | Identified the +2 cloak of Wycitis {rElec rN+}
  4292 | D:3      | 4292 ||| UPGRADING to +0 scale mail.
  4302 | D:3      | 4302 ||| DROPPING +0 ring mail.
  4303 | D:3      | 4303 ||| UPGRADING to +0 chain mail.
  4313 | D:3      | 4313 ||| DROPPING +0 scale mail.
  4314 | D:3      | 4314 ||| UPGRADING to +0 plate armour.
  4324 | D:3      | 4324 ||| DROPPING +0 chain mail.
  4325 | D:3      | 4325 ||| UPGRADING to +2 cloak of Wycitis {rElec rN+}.
  4330 | D:3      | 4330 ||| READING scroll labelled RUIXZICEEPT.
  4331 | D:3      | 4331 ||| READING scroll labelled HAOCRA VEUVA.
  4434 | D:4      | Noticed Duvessa
  4434 | D:4      | Noticed Menkaure
  4440 | D:4      | Noticed Dowan
  4444 | D:4      | HP: 9/42 [Menkaure (3)]
  4447 | D:4      | Slain by Menkaure

Levels and vault maps discovered:
D:1:      lightli_arrival_statuegarden, layout_basic, serial_rivers,
          chequers_serial_rivers_micro_c, chequers_serial_rivers_small_3,
          chequers_serial_rivers_small_a, chequers_serial_rivers_small_a,
          chequers_serial_rivers_small_3, chequers_serial_rivers_large_a,
          minmay_quantized
D:2:      layout_rooms, hellmonk_ecumenical_altar_arch_garden
D:3:      layout_basic, vehumet_crystals, gammafunk_ghost_nasty_kobolds,
          uniq_ijyb
D:4:      layout_basic, grunt_gozag_statues, minmay_temple_entry_fiery,
          uniq_duvessa, uniq_robin, uniq_menkaure, uniq_eustachio, uniq_grinder

Skill      XL: |  1  2  3  4  5 |
---------------+----------------+-----
Unarmed Combat | 1 2 3 4 5 |  5.1
Fighting       | 1 2 |  2.5
Dodging        | |  1.7
Stealth        | |  2.1
Spellcasting   | |  1.7
Conjurations   | |  0.7
Fire Magic     | |  2.4

Action                   |  1- 3 |  4- 6 || total
-------------------------+-------+-------++-------
Melee: Unarmed           |   159 |   130 ||   289
       Punch             |     1 |     5 ||     6
  Use: Scroll            |     6 |     2 ||     8
       Potion            |     1 |     2 ||     3
Armor: Robe              |     7 |       ||     7
       Ring mail         |    29 |    35 ||    64
       Plate armour      |       |    14 ||    14
Dodge: Dodged            |    81 |    57 ||   138
Block: Other             |     4 |    14 ||    18

Table legend:
 A = Non-vault XP
 B = Vault XP
 C = Vault XP percentage of total XP
 D = Non-vault monster count
 E = Vault monster count
 F = Vault count percentage of total count
                 A         B        C        D         E       F
            +---------+---------+-------+---------+---------+-------
      Total |     248 |      46 |  15.6 |      55 |       6 |   9.8
            +---------+---------+-------+---------+---------+-------
        D:1 |      24 |      10 |  29.4 |      17 |       5 |  22.7
        D:2 |      45 |       0 |   0.0 |      13 |       0 |   0.0
        D:3 |     177 |      36 |  16.9 |      24 |       1 |   4.0
        D:4 |       2 |       0 |   0.0 |       1 |       0 |   0.0
            +---------+---------+-------+---------+---------+-------
